 Dungeon Crawl Stone Soup version 0.19-a0-739-gf2af308 (webtiles) character file.

95 Arkorax the Ruffian (level 4, -1/33 HPs)
             Began as a Minotaur Air Elementalist on June 23, 2016.
             Slain by a gnoll
             ... wielding a +0 spear
              (4 damage)
             ... on level 2 of the Dungeon.
             The game lasted 00:02:22 (1551 turns).

Arkorax the Ruffian (Minotaur Air Elementalist)     Turns: 1551, Time: 00:02:23

Health: -1/33      AC:  6    Str: 13    XL:     4   Next: 39%
Magic:  5/5        EV: 11    Int: 12    God:
Gold:   66         SH:  0    Dex: 11    Spells: 1 memorised, 4 levels left

rFire  + . .     SeeInvis .       - Unarmed
rCold  . . .     Gourm    .     f - -1 ring mail (curse)
rNeg   . . .     Faith    .     (no shield)
rPois  .         Spirit   .     (helmet restricted)
rElec  .         Dismiss  .     i - +0 cloak
rCorr  .         Reflect  .     n - +0 pair of gloves
SustAt .         Harm     .     (no boots)
MR     .....                    (no amulet)
Stlth  +.........               (no ring)
                                e - ring of protection from fire

@: not resistant to hostile enchantments, very unstealthy
A: retaliatory headbutt, horns 2
a: no special abilities


You were on level 2 of the Dungeon.
You were not hungry.

You visited 1 branch of the dungeon, and saw 2 of its levels.

You collected 66 gold pieces.

Inventory:

Armour
 f - a cursed -1 ring mail (worn)
 h - a +0 ring mail of fire resistance
 i - a +0 cloak (worn)
 n - a +0 pair of gloves (worn)
Jewellery
 e - a ring of protection from fire (left hand)
Scrolls
 a - 3 scrolls of identify
 l - a scroll of fog {unknown}
 m - a scroll of magic mapping {unknown}
Potions
 j - a potion of cancellation {unknown}
 o - a potion of brilliance {unknown}
Books
 b - a book of Air

   Spells                             Type                      Level
   a - Shock                          Conjuration/Air              1
   b - Swiftness                      Charms/Air                   2
   c - Repel Missiles                 Charms/Air                   2
   d - Static Discharge               Conjuration/Air              3
   e - Lightning Bolt                 Conjuration/Air              5
Comestibles
 c - a bread ration
 g - 2 beef jerkies


   Skills:
 - Level 2.1 Dodging
 - Level 1.5 Stealth
 + Level 4.5 Unarmed Combat
 - Level 1.3 Spellcasting
 - Level 0.6 Conjurations
 - Level 2.1 Air Magic


You had 4 spell levels left.
You knew the following spells:

 Your Spells              Type           Power        Failure   Level  Hunger
a - Shock                 Conj/Air       #...         38%         1    ##.....


Dungeon Overview and Level Annotations

Branches:
Dungeon (2/15)

Altars:


Innate Abilities, Weirdness & Mutations

You reflexively headbutt those who attack you in melee.
You have a pair of horns on your head.


Message History

The gnoll misses you. The gnoll barely misses you.
You hit the gnoll but do no damage.
The gnoll is moderately wounded.
The gnoll closely misses you.
The gnoll hits you from afar with a spear.
You hit the gnoll but do no damage. Your headbutt misses the gnoll.
The gnoll is moderately wounded.
The gnoll hits you with a whip.
The gnoll hits you from afar with a spear.
You hit the gnoll. You headbutt the gnoll.
You kill the gnoll!
The gnoll hits you from afar with a spear.
The gnoll hits you but does no damage. The gnoll hits you with a spear.
* * * LOW HITPOINT WARNING * * *
Things that are here:
a whip; a ring mail The gnoll hits you from afar with a spear.
* * * LOW HITPOINT WARNING * * *
The gnoll hits you with a spear.
You die...

##.## #.# # ##...# #.### ##
#.#.#.### #.#.## ##......
.####....#...#####....####..)....
.+.....#####.............'.......
.........#...#####....####.......
#.#.#.#..#.### #)#.## #......
...........# ###.### #.....
.#.#.#.#..## #@gg..# #...#
..........# #)###.# #'#
#.#.#.#.#.# #.# #.# #.#
..........######.###.# #.#
.#.#.#.#.#.##........# ##.##
...........##.####.### ##...#
#.#.#.#.#.#.#.# #.#########.....
............#.# #...............
.#.#.#.#.#.#..# #############.##


You could see 2 gnolls.

Vanquished Creatures
  2 gnolls (D:2)
  An adder (D:2)
  An ooze (D:1)
  A worm (D:2)
  2 giant geckos (D:1)
  2 giant cockroaches (D:1)
  9 goblins
  6 hobgoblins
  10 jackals
  6 kobolds (D:1)
  2 ball pythons (D:1)
  3 bats (D:1)
  2 giant newts (D:1)
  7 rats
54 creatures vanquished.

Notes
Turn   | Place    | Note
--------------------------------------------------------------
     0 | D:1      | Arkorax the Minotaur Air Elementalist began the quest for the Orb.
     0 | D:1      | Reached XP level 1. HP: 14/14 MP: 1/1
    52 | D:1      | Reached skill level 1 in Unarmed Combat
   399 | D:1      | Reached skill level 2 in Unarmed Combat
   399 | D:1      | Reached XP level 2. HP: 18/20 MP: 3/3
   765 | D:1      | Reached XP level 3. HP: 25/26 MP: 4/4
   783 | D:1      | Reached skill level 3 in Unarmed Combat
  1152 | D:2      | Reached skill level 4 in Unarmed Combat
  1165 | D:2      | Reached XP level 4. HP: 21/33 MP: 5/5
  1551 | D:2      | Slain by a gnoll

Vault maps used:
D:1:      saegor_arrival_simple_b
D:2:      first_bread, hex_large, uniq_natasha, uniq_iyjb

Skill      XL: |  1  2  3 |
---------------+----------+-----
Unarmed Combat | 2 4 |  4.5
Dodging        | |  2.1
Stealth        | |  1.5
Spellcasting   | |  1.3
Conjurations   | |  0.6
Air Magic      | |  2.1

Action                   |  1- 3 |  4- 6 || total
-------------------------+-------+-------++-------
Melee: Unarmed           |   150 |    30 ||   180
       Headbutt          |    15 |     4 ||    19
       Punch             |     2 |     1 ||     3
  Use: Scroll            |     1 |       ||     1
       Potion            |       |     2 ||     2
  Eat: Chunk             |     1 |     1 ||     2
Armor: Ring mail         |    46 |    12 ||    58
       Robe              |     3 |       ||     3
Dodge: Dodged            |    94 |    23 ||   117
